 Dungeon Crawl Stone Soup version 0.30-a0-782-ge64f9170bb (webtiles) character file.

Game seed: 4143348681881723893

2141 HoaS the Skirmisher (level 8, -6/60 HPs)
             Began as a Demigod Hunter on Mar 9, 2023.
             Mangled by an orc warrior
             ... wielding a +0 battleaxe
              (19 damage)
             ... on level 6 of the Dungeon.
             The game lasted 00:09:38 (5651 turns).

HoaS the Skirmisher (Demigod Hunter)                Turns: 5651, Time: 00:09:38

Health: -6/60      AC:  5    Str: 12    XL:     8   Next: 83%
Magic:  10/10      EV: 12    Int: 11    God:
Gold:   277        SH:  0    Dex: 25    Spells: 7/7 levels left

rFire   . . .      SeeInvis .    a - +1 shortbow (freeze)
rCold   . . .      Faith    .    (shield currently unavailable)
rNeg    . . .      Spirit   .    c - +0 leather armour
rPois   .          Reflect  .    k - +0 helmet
rElec   .          Harm     .    (no cloak)
rCorr   .          Rampage  .    (no gloves)
Will    .....                    l - +0 pair of boots
Stlth   ++                       (no amulet)
HPRegen 0.30/turn                (no ring)
MPRegen 0.12/turn                (no ring)

@: about to teleport
A: high MP 1, forlorn, divine attributes
a: no special abilities


You were on level 6 of the Dungeon.
You visited 1 branch of the dungeon, and saw 6 of its levels.
You also visited: Ossuary.

You collected 277 gold pieces.

Inventory:

Hand Weapons
 a - a +1 shortbow of freezing (weapon)
Missiles
 o - 4 throwing nets
Armour
 c - a +0 leather armour (worn)
 k - a +0 helmet (worn)
 l - a +0 pair of boots (worn)
Jewellery
 u - a ring of protection from cold
Wands
 p - a wand of roots (6)
Scrolls
 b - 2 scrolls of immolation
 r - a scroll of fear
 v - a scroll of brand weapon
Potions
 d - 7 potions of curing
 e - 2 potions of might {unknown}
 f - 3 potions of lignification {unknown}
 g - 4 potions of flight
 h - a potion of brilliance {unknown}
 i - 2 potions of resistance {unknown}
 j - 4 potions of degeneration {unknown}
 m - 2 potions of berserk rage {unknown}
 n - 3 potions of heal wounds {unknown}
 q - a potion of haste {unknown}
 s - a potion of magic {unknown}
 w - a potion of attraction {unknown}
 x - a potion of mutation {unknown}


   Skills:
 - Level 1.7 Fighting
 + Level 11.6 Ranged Weapons
 - Level 1.7 Dodging
 - Level 0.8 Stealth


You had 7 spell levels left.
You didn't know any spells.
Your spell library contained the following spells:

 Spells                   Type           Power      Damage    Failure   Level
 Shock                    Conj/Air       0%         1d3       41%         1
 Blink                    Tloc           0%         N/A       56%         2
 Lesser Beckoning         Tloc           0%         N/A       56%         2
 Momentum Strike          Conj/Tloc      0%         3d8       56%         2
 Swiftness                Air            0%         N/A       80%         3
 Airstrike                Air            0%         2d(0-16)  99%         4


Dungeon Overview and Level Annotations

Branches:
Dungeon (6/15)             Temple (0/1) D:5         Ossuary (visited)

Shops:
D:5 *


Innate Abilities, Weirdness & Mutations

You have an increased reservoir of magic. (+10% MP)
You shall have no god before yourself.
Your divine heritage dramatically boosts your attributes as you level up.


Message History

The orc priest invokes the aid of Beogh against you.
Beogh smites you!
An orc wizard comes into view. It is wielding a +0 dagger. x2
The orc wizard shouts!
You shoot an arrow. The arrow barely misses the phantom.
The arrow hits the orc priest.
The arrow freezes the orc priest.
The orc priest is moderately wounded.
You hear a shout!
The phantom closely misses you.
You shoot an arrow. The arrow hits the phantom!
The phantom is almost destroyed.
An orc comes into view. It is wielding a +0 dagger.
The phantom hits you but does no damage.
You shoot an arrow. The arrow barely misses the phantom.
The arrow hits the orc warrior!
The arrow freezes the orc warrior.
The orc warrior is moderately wounded.
The phantom hits you.
You shoot an arrow. The arrow hits the phantom!
You destroy the phantom!
You shoot an arrow.
The arrow barely misses the orc warrior.
The orc warrior hits you with a +0 battleaxe!!
You are too injured to fight recklessly!
You are too injured to fight recklessly!
You are too injured to fight recklessly!
Okay, then.
You shoot an arrow. The arrow hits the orc warrior.
The arrow freezes the orc warrior.
The orc warrior is heavily wounded.
The orc warrior barely misses you.
You shoot an arrow. The arrow hits the orc warrior!
The arrow freezes the orc warrior.
The orc warrior is almost dead.
The orc warrior hits you with a +0 battleaxe!
* * * LOW HITPOINT WARNING * * *
As you read the scroll of teleportation, it crumbles to dust.
You feel strangely unstable.
The orc warrior attacks as you move away!
The orc warrior hits you with a +0 battleaxe!!
You die...

### .... ....!
..)...####
......oo.#######
...)..##g#.....#
...o. #o@.....#
..)[ ###.....#
... #.....# ..
#.....# #....# .
#....^## #.....
#......### #.....
#........###.....
#.#........#.....
#....†###........


You could see an orc warrior, an orc priest, a gnoll and an orc.

Vanquished Creatures
  A hornet (D:6)
  Sigmund (D:6)
  Menkaure (Ossuary)
  A water moccasin (D:5)
  A black bear (D:5)
  A phantom (D:6)
  2 kobold brigands
  4 scorpions
  2 bullfrogs
  2 necrophages
  A gnoll sergeant (D:6)
  5 hounds
  2 orc priests
  Natasha (thrice) (D:3)
  3 mummies (Ossuary)
  Robin (D:2)
  12 gnolls
  15 adders
  An ufetubus (D:6)
  2 worms
  2 dart slugs
  8 orcs
  8 endoplasms
  A giant cockroach (D:2)
  5 gnoll zombies (Ossuary)
  15 goblins
  7 hobgoblins
  4 jackals (D:3)
  5 quokkas
  5 ball pythons
  2 bats
  3 frilled lizards
  3 gnoll skeletons (Ossuary)
  7 goblin skeletons (Ossuary)
  7 goblin zombies (Ossuary)
  4 hobgoblin skeletons (Ossuary)
  4 hobgoblin zombies (Ossuary)
  16 kobolds
  2 kobold skeletons (Ossuary)
  2 kobold zombies (Ossuary)
  5 orc skeletons (Ossuary)
  3 orc zombies (Ossuary)
  5 rats
  4 rat skeletons (Ossuary)
  4 rat zombies (Ossuary)
192 creatures vanquished.

Notes
Turn   | Place    | Note
-------+----------+-------------------------------------------
     0 | D:1      | HoaS the Demigod Hunter began the quest for the Orb.
     0 | D:1      | Reached XP level 1. HP: 17/17 MP: 3/3
   223 | D:1      | Reached skill level 4 in Ranged Weapons
   266 | D:1      | Reached XP level 2. HP: 24/24 MP: 4/4
   854 | D:2      | Reached XP level 3. HP: 29/29 MP: 5/5
   979 | D:2      | Noticed Robin
   991 | D:2      | Killed Robin
   992 | D:2      | Reached skill level 5 in Ranged Weapons
  1686 | D:3      | Reached XP level 4. HP: 34/36 MP: 6/6
  1758 | D:3      | Noticed Natasha
  1761 | D:3      | Killed Natasha
  1933 | D:3      | Reached skill level 6 in Ranged Weapons
  1933 | D:3      | Reached XP level 5. HP: 35/41 MP: 7/7
  2080 | D:3      | Noticed Natasha
  2103 | D:3      | Killed Natasha
  2253 | D:3      | Noticed Natasha
  2261 | D:3      | Killed Natasha
  2701 | D:4      | Reached XP level 6. HP: 44/48 MP: 8/8
  2857 | D:4      | Reached skill level 7 in Ranged Weapons
  3696 | D:5      | Entered Level 5 of the Dungeon
  3868 | D:5      | Reached skill level 8 in Ranged Weapons
  4049 | D:5      | Reached XP level 7. HP: 53/53 MP: 9/9
  4265 | D:5      | Reached skill level 9 in Ranged Weapons
  4454 | D:5      | Found Zonwague's Gadget Gallery.
  4484 | D:5      | Found a staircase to the Ecumenical Temple.
  4572 | D:5      | Reached XP level 8. HP: 60/60 MP: 10/10
  4803 | D:6      | Reached skill level 10 in Ranged Weapons
  4841 | D:6      | Noticed Sigmund
  4842 | D:6      | Found a sand-covered staircase.
  4849 | Ossuary  | Entered an ossuary
  5397 | Ossuary  | Noticed Menkaure
  5400 | Ossuary  | Killed Menkaure
  5565 | D:6      | Killed Sigmund
  5566 | D:6      | Reached skill level 11 in Ranged Weapons
  5606 | D:6      | Noticed a hornet
  5612 | D:6      | Killed a hornet
  5651 | D:6      | Mangled by an orc warrior

Illustrated notes

Levels and vault maps discovered:
D:1:      lemuel_arrival_broad_hall, layout_basic
D:2:      layout_basic, ebering_ecumenical_altar_abandoned, uniq_robin
D:3:      layout_basic, uniq_natasha
D:4:      layout_gridville, elyvilon_altar_5
D:5:      layout_basic, minmay_temple_entry_waves, nicolae_shop_gadgets
D:6:      layout_basic, chequers_ossuary_entry_cave, serial_shops,
          nicolae_shop_trees, uniq_sigmund, uniq_blork_the_orc

Skill      XL: |  1  2  3  4  5  6  7  8 |
---------------+-------------------------+-----
Ranged Weapons | 4 5 6 8 9 11 | 11.6
Fighting       | |  1.7
Dodging        | |  1.7
Stealth        | |  0.8

Action                     |  1- 3 |  4- 6 |  7- 9 || total
---------------------------+-------+-------+-------++-------
   Fire: Shortbow          |   107 |   172 |   293 ||   572
    Use: Scroll            |     2 |     5 |     3 ||    10
         Potion            |       |     1 |       ||     1
 Armour: Leather armour    |    10 |    18 |    14 ||    42
  Dodge: Dodged            |    17 |    50 |    35 ||   102

Table legend: (Time is in decaauts)
 A = Elapsed time spent in this place.
 B = Non-inter-level travel time spent in this place.
 C = Inter-level travel time spent in this place.
 D = Time resting spent in this place.
 E = Time spent auto-exploring this place.
 F = Levels seen in this place.
 G = Mean time per level.
                   A        B        C        D        E       F      G
               +--------+--------+--------+--------+--------+-----+--------+
         Total |   5739 |   5552 |    187 |    849 |   3561 |   7 |  819.9 |
       Dungeon |   5032 |   4845 |    187 |    728 |   3250 |   6 |  838.7 |
       Ossuary |    707 |    707 |      0 |    121 |    311 |   1 |  707.0 |
               +--------+--------+--------+--------+--------+-----+--------+

Top non-repeatable levels by time:
     D:3: 1068 daAuts
     D:5: 1052 daAuts
     D:2: 1049 daAuts
     D:4: 1033 daAuts
 Ossuary: 707 daAuts
     D:1: 618 daAuts
     D:6: 210 daAuts
